 Dungeon Crawl Stone Soup version 0.28-a0-723-g095bd1b44f (webtiles) character file.

Game seed: 18331065078787612914

14123 croobank the Severer (level 11, 0/102 HPs)
             Began as a Minotaur Berserker on Oct 25, 2021.
             Was a High Priest of Trog.
             Slain by Donald (13 damage)
             ... on level 1 of the Shoals.
             The game lasted 02:49:16 (14562 turns).

croobank the Severer (Minotaur Berserker)          Turns: 14562, Time: 02:49:19

Health: 0/102      AC: 17    Str: 25    XL:     11   Next: 84%
Magic:  10/10      EV: 14    Int:  4    God:    Trog [*****.]
Gold:   700        SH:  0    Dex: 10    Spells: 10/10 levels left

rFire   . . .      SeeInvis .   K - +4 war axe
rCold   . . .      Faith    .   (no shield)
rNeg    . . .      Spirit   .   F - +1 chain mail {rPois}
rPois   +          Reflect  .   (helmet restricted)
rElec   .          Harm     .   O - scarf {repulsion}
rCorr   .          Rampage  .   (no gloves)
Will    +....                   G - +0 pair of boots
Stlth   ..........              (no amulet)
HPRegen 0.27/turn               e - +4 ring of evasion
MPRegen 0.12/turn               X - ring of willpower

@: mesmerised, hasted, repel missiles, very quick
A: horns 2, retaliatory headbutt, iridescent scales 1
a: Renounce Religion, Berserk, Trog's Hand, Brothers in Arms


You were on level 1 of the Shoals.
You worshipped Trog.
Trog was extremely pleased with you.
You visited 3 branches of the dungeon, and saw 13 of its levels.

You collected 700 gold pieces.

Inventory:

Hand Weapons
 l - a +2 whip of electrocution
 o - a +1 flail of protection
 r - a +0 shortbow of freezing
 K - a +4 war axe (weapon)
Missiles
 m - 3 boomerangs (quivered)
 n - 29 poisoned darts
 u - 265 arrows
 y - a curare-tipped dart
 A - 3 atropa-tipped darts
Armour
 F - a +1 chain mail of poison resistance (worn)
 G - a +0 pair of boots (worn)
 H - a +2 ring mail of fire resistance
 O - a scarf of repulsion (worn)
 S - a +0 cloak
Jewellery
 b - a ring of positive energy
 e - a +4 ring of evasion (left hand)
 p - a ring of poison resistance
 L - a ring of protection from cold
 X - a ring of willpower (right hand)
Wands
 k - a wand of paralysis (2)
 t - a wand of charming (22)
 J - a wand of mindburst (19)
 R - a wand of iceblast (10)
 Z - a wand of digging (4)
Scrolls
 h - a scroll of enchant armour {unknown}
 i - a scroll of blinking
 v - a scroll of torment {unknown}
 z - a scroll of brand weapon {unknown}
 B - 3 scrolls of teleportation
 I - a scroll of fear {unknown}
 M - a scroll of amnesia {unknown}
 V - a scroll of acquirement {unknown}
 W - a scroll of fog {unknown}
 Y - a scroll of magic mapping {unknown}
Potions
 a - a potion of lignification {unknown}
 c - a potion of attraction {unknown}
 j - a potion of mutation
 s - 2 potions of haste
 C - 2 potions of flight
 D - a potion of magic {unknown}
 E - a potion of curing
 N - a potion of berserk rage {unknown}
 Q - a potion of cancellation {unknown}


   Skills:
 + Level 11.5 Fighting
 + Level 15.2 Axes
 + Level 0.6(1.0) Slings
 + Level 1.0(1.1) Throwing
 + Level 12.2 Armour
 + Level 5.0 Dodging
 + Level 2.2 Stealth
 + Level 1.3 Evocations


You had 10 spell levels left.
You didn't know any spells.
Your spell library contained the following spells:

 Spells                   Type           Power      Damage    Failure   Level
 Dazzling Flash           Conj/Hex       0%         N/A       100%        3
 Ozocubu's Armour         Ice            0%         N/A       100%        3
 Iskenderun's Mystic Bla  Conj/Tloc      0%         2d3       100%        4
 Starburst                Conj/Fire      0%         6d3       100%        6
 Ozocubu's Refrigeration  Ice            0%         4d5       100%        7


Dungeon Overview and Level Annotations

Branches:
Dungeon (10/15)            Temple (0/1) D:5            Lair (2/6) D:10
 Shoals (1/4) Lair:2
  Snake: Lair:2-4    Spider: Lair:2-4       Orc: D:9-12

Altars:
Elyvilon
Kikubaaqudgha
Makhleb
Nemelex Xobeh
Qazlal
Trog
Xom
Yredelemnul
The Shining One

Shops:
D:4 ::   D:9 *

Annotations:
D:8 1 runed translucent door, avis's ghost, novice DgTm
Shoals:1 Donald


Innate Abilities, Weirdness & Mutations

You have a pair of horns on your head.
You reflexively headbutt those who attack you in melee.
You are partially covered in iridescent scales. (AC +2)


Message History

Here: a merfolk avatar (mesmerising) Some shallow water.
Press: ? - help, v - describe, . - travel
Here: Donald, wielding a +2 long sword of protection, wearing a +0 plate armour and wearing a +0 kite shield (moderately wounded, fast, strong, ally target) Some shallow water.
You feel better.
Your surroundings suddenly seem different.
Found 33 stones and a large pearl amulet.
You break out of your daze!
You feel the effects of Trog's Hand fading.
The merfolk is no longer charmed.
You enter the shallow water.
Moving in this stuff is going to be slow.
The merfolk hits you from afar with a +0 trident.
Donald says, "My hands hurt, too."
Your skin stops crawling.
You feel less strong-willed.
The merfolk hits you from afar with a +0 trident.
* * * LOW HITPOINT WARNING * * *
Unknown command.
The merfolk avatar shouts!
The merfolk avatar chants a haunting song.
You are mesmerised by the merfolk avatar!
There is a stone staircase leading down here.
You cannot move away from the merfolk avatar!
Blink to where?
Press: ? - help, Dir - move target You cannot blink away from the merfolk avatar!
Blink to where?
Press: ? - help, Dir - move target You cannot blink away from the merfolk avatar!
Blink to where?
Press: ? - help, Dir - move target, f - you
Okay, then.
You fail to use your ability.
The pull of its song draws you forwards.
A sea snake comes into view.
The merfolk hits you from afar with a +0 trident!
* * * LOW HITPOINT WARNING * * *
Donald hits you with a +2 long sword of protection!
You die...

≈≈≈≈≈≈≈≈≈≈....###....##
≈≈≈≈≈≈≈≈P...)###......#
≈≈≈≈≈≈≈≈≈..##...≈≈≈≈≈.#
≈≈≈≈≈≈.####..≈≈≈≈..#
≈≈≈≈≈≈. #.≈≈≈≈≈..##
≈≈≈≈≈≈.###.≈≈≈≈...#
≈≈≈≈≈≈≈≈..≈≈≈≈≈≈..#
≈≈≈≈≈≈≈≈≈)≈≈≈≈>≈≈..##
≈≈≈≈≈≈≈≈≈≈.>≈@@≈≈...#
≈≈≈≈≈≈≈≈≈≈....≈≈...##
≈≈≈≈≈≈≈≈≈.....m....### ##
≈≈≈≈≈≈≈≈≈(?..........##..
≈≈≈≈≈≈≈≈≈≈..##......##...
≈≈≈≈≈≈≈≈mS..####.........
≈≈≈≈≈≈≈≈≈≈..# #.......≈≈
≈≈≈≈≈≈≈≈≈...####....#..≈≈
≈≈≈...≈≈............##.≈.


You could see a merfolk avatar (mesmerising), Donald (fast, strong), a sea snake
(wandering) and a merfolk.

Vanquished Creatures
  A centaur warrior (D:10)
  3 two-headed ogres
  A manticore (Shoals:1)
  2 merfolk sirens (Shoals:1)
  An ugly thing (D:8)
  A centaur zombie (D:10)
  A black mamba (Lair:2)
  4 komodo dragons (Lair:1)
  A merfolk (Shoals:1)
  A polar bear (Lair:1)
  4 blink frogs (Lair:2)
  A snapping turtle (Lair:2)
  A water elemental (Shoals:1)
  A shadow (D:10)
  A wyvern (Lair:1)
  15 yaks
  Menkaure (D:6)
  Edmund (D:6)
  Duvessa (D:4)
  4 water moccasins
  2 black bears
  3 orc warriors
  2 sky beasts (D:6)
  3 centaurs
  An ogre (D:6)
  5 wolves (Lair:2)
  2 kobold brigands
  A wyvern zombie (D:8)
  3 scorpions
  7 bullfrogs
  Dowan (D:4)
  A water moccasin skeleton (D:5)
  19 killer bees
  An electric eel (Lair:2)
  A gnoll shaman (D:6)
  A jelly (D:4)
  3 hounds
  2 bullfrog skeletons
  3 orc priests
  3 iguanas
  4 orc wizards
  2 hound skeletons (D:4)
  7 gnolls
  A howler monkey zombie (D:5)
  9 adders
  A white imp (D:6)
  2 ufetubi
  An adder skeleton (D:4)
  A worm (D:3)
  3 dart slugs
  24 orcs
  5 ball pythons
  3 bat zombies (D:6)
  8 endoplasms
  7 giant cockroaches
  6 goblins
  8 hobgoblins
  8 kobolds
  5 quokkas
  4 bats
  7 frilled lizards
  7 rats
  3 rat zombies (D:6)
236 creatures vanquished.

Vanquished Creatures (others)
  13 fungi
  10 plants
23 creatures vanquished.

Grand Total: 259 creatures vanquished

Notes
Turn   | Place    | Note
-------+----------+-------------------------------------------
     0 | D:1      | croobank the Minotaur Berserker began the quest for the
                  | Orb.
     0 | D:1      | Reached XP level 1. HP: 19/19 MP: 0/0
   391 | D:1      | Found a faded altar of an unknown god.
   410 | D:1      | Reached XP level 2. HP: 18/27 MP: 1/1
  1342 | D:2      | Reached skill level 4 in Axes
  1342 | D:2      | Reached XP level 3. HP: 29/33 MP: 2/2
  1409 | D:2      | Reached ** piety under Trog
  1454 | D:2      | Reached XP level 4. HP: 14/41 MP: 3/3
  3084 | D:3      | Reached skill level 5 in Axes
  3084 | D:3      | Reached XP level 5. HP: 39/47 MP: 4/4
  4179 | D:4      | Found a stormy altar of Qazlal.
  4436 | D:4      | Found Iffiorur's Book Shop.
  4449 | D:4      | Reached XP level 6. HP: 44/55 MP: 5/5
  4612 | D:4      | Reached *** piety under Trog
  4613 | D:4      | Reached skill level 5 in Armour
  4624 | D:4      | Reached skill level 6 in Axes
  5014 | D:4      | Reached skill level 5 in Fighting
  5124 | D:4      | Found Jihamp's Book Boutique.
  5405 | D:4      | Noticed Duvessa
  5427 | D:4      | Killed Duvessa
  5428 | D:4      | Noticed Dowan
  5434 | D:5      | Entered Level 5 of the Dungeon
  5839 | D:4      | Reached XP level 7. HP: 61/61 MP: 6/6
  5858 | D:4      | Killed Dowan
  6204 | D:5      | Reached skill level 7 in Axes
  6212 | D:5      | Found a staircase to the Ecumenical Temple.
  6326 | D:5      | Reached skill level 1 in Stealth
  6425 | D:5      | Identified the -4 pair of boots "Qiciotedo" {Dex+2}
  6816 | D:5      | Found a basalt altar of Yredelemnul.
  6819 | D:5      | Found a glowing golden altar of the Shining One.
  6910 | D:5      | Noticed a profane servitor
  7224 | D:5      | Noticed an angel
  7274 | D:6      | Reached skill level 8 in Axes
  7426 | D:6      | Reached XP level 8. HP: 70/70 MP: 7/7
  7916 | D:6      | Reached skill level 9 in Axes
  7989 | D:6      | Gained mutation: You are partially covered in iridescent
                  | scales. (AC +2) [potion of mutation]
  7992 | D:6      | Found a burning altar of Makhleb.
  8280 | D:6      | Noticed Edmund
  8299 | D:6      | Killed Edmund
  8652 | D:6      | Noticed Menkaure
  8666 | D:6      | Killed Menkaure
  8666 | D:6      | Reached **** piety under Trog
  8676 | D:6      | Found an ancient bone altar of Kikubaaqudgha.
  8960 | D:7      | Found a bloodstained altar of Trog.
  8977 | D:7      | Reached XP level 9. HP: 45/78 MP: 8/8
  9340 | D:7      | Reached skill level 10 in Axes
  9478 | D:8      | Found a white marble altar of Elyvilon.
  9647 | D:8      | Noticed a two-headed ogre
  9654 | D:8      | Killed a two-headed ogre
  9655 | D:8      | Reached skill level 11 in Axes
  9757 | D:8      | Noticed a cyan ugly thing
  9765 | D:8      | Killed a cyan ugly thing
  9837 | D:8      | Found a runed translucent door.
  9838 | D:8      | Found a shimmering altar of Xom.
  9838 | D:8      | Noticed avis's ghost (novice DgTm)
  9838 | D:8      | Noticed a +0 scimitar of chaos
 10590 | D:9      | Reached skill level 10 in Armour
 10763 | D:9      | Reached XP level 10. HP: 88/88 MP: 9/9
 10772 | D:9      | Reached skill level 12 in Axes
 10841 | D:9      | Noticed a two-headed ogre
 10849 | D:9      | Killed a two-headed ogre
 11044 | D:9      | Noticed a two-headed ogre
 11050 | D:9      | Killed a two-headed ogre
 11292 | D:9      | Found Vikyhosu's Serpentskin Sales.
 11345 | D:9      | Reached skill level 13 in Axes
 11444 | D:9      | Found a sparkling altar of Nemelex Xobeh.
 11605 | D:10     | Entered Level 10 of the Dungeon
 11610 | D:10     | Noticed a centaur warrior
 11621 | D:10     | Killed a centaur warrior
 11868 | D:10     | Reached skill level 10 in Fighting
 12133 | D:10     | Reached XP level 11. HP: 78/99 MP: 10/10
 12221 | D:10     | Found a staircase to the Lair.
 12232 | Lair:1   | Entered Level 1 of the Lair of Beasts
 12704 | Lair:1   | Reached skill level 14 in Axes
 13765 | Lair:2   | Reached ***** piety under Trog
 14026 | Lair:2   | Reached skill level 1 in Evocations
 14104 | Lair:2   | Found a staircase to the Shoals.
 14125 | Shoals:1 | Entered Level 1 of the Shoals
 14136 | Shoals:1 | Reached skill level 15 in Axes
 14274 | Shoals:1 | Reached skill level 1 in Throwing
 14274 | Shoals:1 | Reached skill level 5 in Dodging
 14528 | Shoals:1 | Noticed Donald
 14533 | Shoals:1 | Noticed a merfolk avatar
 14545 | Shoals:1 | HP: 3/102 [Donald (25)]
 14562 | Shoals:1 | Noticed a sea snake
 14562 | Shoals:1 | Slain by Donald

Illustrated notes

Levels and vault maps discovered:
D:1:      roderic_dead_forest, layout_basic, shapermc_ecumenical_altar_pompeii,
          minmay_hedge_maze, st_stairs_12
D:2:      layout_basic, chequers_serial_rivers_micro_e
D:3:      wad_river_or_something, layout_basic, minmay_misc_feat_rows
D:4:      layout_basic, mainiacjoe_overflow_brackets, serial_shops,
          nicolae_shop_crystal, serial_corexii_hall,
          chequers_hall_statues_wall_a, corexii_hall_statues_l,
          kennysheep_windowed_goal, uniq_duvessa
D:5:      layout_gridville, grunt_temple_overflow_holy_war,
          minmay_temple_entry_junction_2
D:6:      layout_loops_ring, lemuel_zombie_altar_kikubaaqudgha,
          mainiacjoe_overflow_concentric_impassable, kennysheep_generic_room_16,
          uniq_menkaure, uniq_edmund
D:7:      layout_basic, trog_butcher_becter
D:8:      layout_rooms, nicolae_elyvilon_peaceful_grove, ebering_ghost_xom
D:9:      layout_loops_cross, mainiacjoe_overflow_alcove_2, guppyfry_shop_venom
D:10:     layout_grid_maze, due_lair_maze_entry_diamond, uniq_erica
Lair:1:   layout_regular_city, lemuel_fruit_tree
Lair:2:   layout_cellular_growth, minmay_shoals_entry_hut, st_stairs_9,
          serial_bayou_shore_b, uniq_gastronok
Shoals:1: nicolae_shoals_island_circles, layout_shoals, uniq_jorgrun,
          uniq_donald

Skill      XL: |  1  2  3  4  5  6  7  8  9 10 11 |
---------------+----------------------------------+-----
Fighting       | 4 5 6 8 10 11 | 11.5
Axes           | 4 5 6 8 9 11 13 15 | 15.2
Armour         | 3 4 5 6 8 10 11 12 | 12.2
Dodging        | 3 4 5 |  5.0
Stealth        | 1 2 |  2.2
Evocations     | 1 |  1.3
Throwing       | 1 |  1.0
Slings         | |  0.6

Action                   |  1- 3 |  4- 6 |  7- 9 | 10-12 || total
-------------------------+-------+-------+-------+-------++-------
Melee: Hand axe          |    63 |   169 |   204 |       ||   436
       Headbutt          |     8 |    22 |    53 |    47 ||   130
       War axe           |       |       |   101 |   232 ||   333
 Fire: Hunting sling     |       |       |       |     1 ||     1
Throw: Stone             |       |       |     4 |       ||     4
       Boomerang         |       |       |       |     6 ||     6
Invok: Berserk           |     2 |     1 |     4 |       ||     7
       Trog's Hand       |       |       |       |     1 ||     1
Evoke: Wand              |       |       |       |    15 ||    15
  Use: Scroll            |     1 |     3 |     5 |     4 ||    13
       Potion            |       |     1 |     2 |     6 ||     9
Armor: Animal skin       |     3 |       |       |       ||     3
       Ring mail         |    16 |     4 |       |       ||    20
       Chain mail        |       |    64 |   116 |    86 ||   266
Dodge: Dodged            |    32 |   126 |   186 |   171 ||   515
       Repelled          |       |       |     2 |       ||     2

Table legend: (Time is in decaauts)
 A = Elapsed time spent in this place.
 B = Non-inter-level travel time spent in this place.
 C = Inter-level travel time spent in this place.
 D = Time resting spent in this place.
 E = Time spent auto-exploring this place.
 F = Levels seen in this place.
 G = Mean time per level.
                   A        B        C        D        E       F      G
               +--------+--------+--------+--------+--------+-----+--------+
         Total |  14597 |  14509 |     88 |   3647 |   6882 |  13 | 1122.8 |
       Dungeon |  12293 |  12205 |     88 |   2591 |   6100 |  10 | 1229.3 |
          Lair |   1880 |   1880 |      0 |    725 |    773 |   2 |  940.0 |
        Shoals |    423 |    423 |      0 |    331 |      8 |   1 |  423.0 |
               +--------+--------+--------+--------+--------+-----+--------+

Top non-repeatable levels by time:
     D:4: 1719 daAuts
     D:6: 1583 daAuts
     D:5: 1448 daAuts
     D:2: 1395 daAuts
     D:3: 1384 daAuts
     D:1: 1352 daAuts
     D:9: 1315 daAuts
  Lair:1: 1103 daAuts
     D:8: 845 daAuts
  Lair:2: 777 daAuts
     D:7: 630 daAuts
    D:10: 620 daAuts
Shoals:1: 423 daAuts
